 Dungeon Crawl Stone Soup version 0.24.0-1-gfbc8707 (webtiles) character file.

Game seed: 18186150754270485631, levelgen mode: deterministic

380 Buxparty the Skirmisher (level 6, -2/51 HPs)
             Began as a Mummy Gladiator on Jan 7, 2020.
             Was an Initiate of Gozag.
             Slain by a centaur (5 damage)
             ... on level 6 of the Dungeon.
             The game lasted 00:06:10 (2414 turns).

Buxparty the Skirmisher (Mummy Gladiator)           Turns: 2414, Time: 00:06:10

Health: -2/51      AC:  4    Str: 20    XL:     6   Next: 46%
Magic:  6/6        EV: 12    Int:  7    God:    Gozag
Gold:   74         SH:  0    Dex: 13    Spells: 5/5 levels left

rFire    x . .     SeeInvis .   a - +0 war axe
rCold    + . .     Gourm    .   (no shield)
rNeg     + + +     Faith    +   b - +0 leather armour
rPois    ∞         Spirit   .   c - +0 helmet
rElec    .         Reflect  .   (no cloak)
rCorr    .         Harm     .   (no gloves)
MR       .....                  (no boots)
Stlth    +.........             n - amulet of faith
HPRegen  0.17/turn              l - ring of flight
MPRegen  0.10/turn              (no ring)

@: no status effects
A: no food or potions, fire vulnerability, cold resistance 1, negative energy
resistance 3, torment resistance, unbreathing
a: Potion Petition, Call Merchant, Bribe Branch, Renounce Religion, Evoke Flight


You were on level 6 of the Dungeon.
You worshipped Gozag.
Gozag was noncommittal.
You were not hungry.

You visited 1 branch of the dungeon, and saw 5 of its levels.

You collected 107 gold pieces.
You paid 33 gold pieces to Gozag.

Inventory:

Hand Weapons
 a - a +0 war axe (weapon)
Missiles
 d - 3 throwing nets (quivered)
Armour
 b - a +0 leather armour (worn)
 c - a +0 helmet (worn)
Jewellery
 l - a ring of flight (left hand)
 n - an amulet of faith (around neck)
Wands
 k - a wand of flame (19)
 m - a wand of iceblast (5)
Scrolls
 e - 3 scrolls of remove curse {unknown}
 f - 2 scrolls of immolation {unknown}
 g - 2 scrolls of identify {unknown}
 h - a scroll of enchant armour {unknown}
 i - a scroll of magic mapping {unknown}
 j - a scroll of teleportation {unknown}


   Skills:
 + Level 5.1 Fighting
 + Level 4.6 Axes
 - Level 1.5 Throwing
 - Level 2.4 Dodging


You had 5 spell levels left.
You didn't know any spells.
Your spell library was empty.

Dungeon Overview and Level Annotations

Branches:
Dungeon (7/15)
 Temple: D:4-7

Altars:
Elyvilon
Gozag
Uskayaw
The Shining One


Innate Abilities, Weirdness & Mutations

You do not eat or drink.
Your flesh is vulnerable to fire.
You are immune to poison.
Your flesh is cold resistant. (rC+)
You are immune to negative energy. (rN+++)
You are immune to unholy pain and torment.
You can survive without breathing.


Message History

The arrow hits you!
* * * LOW HITPOINT WARNING * * *
You see here 2 arrows.
The centaur unwields a +0 shortbow.
The centaur hits you but does no damage.
The centaur hits you.
* * * LOW HITPOINT WARNING * * *
You hit the centaur.
The centaur is lightly wounded.
The centaur misses you. The centaur hits you.
* * * LOW HITPOINT WARNING * * *
You barely miss the centaur.
The centaur is lightly wounded.
The centaur hits you but does no damage.
The centaur closely misses you.
You hit the centaur.
The centaur is moderately wounded.
The centaur hits you.
You die...
Your body crumbles into a pile of gold.

### ..# #.# #.#
#####.## ######
#..(.@.# # .....#
#.###c)# ...
####.# #.# #..#
#.... #.#
#.###(###..#....c.
#.# #.....(.....c#
#.# #####.#####..#
#.# #.# ..# #.#
#.## .... #.#
#..## #####


You could see a centaur.

Vanquished Creatures
  A centaur (D:7)
  A big kobold (D:7)
  A scorpion (D:6)
  A howler monkey (D:4)
  An iguana (D:7)
  A worker ant (D:7)
  A hound skeleton (D:6)
  3 gnolls (D:7)
  3 adders
  A worm (D:4)
  4 dart slugs
  2 leopard geckos
  A ball python (D:4)
  5 bats
  4 giant cockroaches (D:1)
  9 goblins
  10 hobgoblins
  4 jackals (D:1)
  8 kobolds
  5 rats
66 creatures vanquished.

Vanquished Creatures (others)
  A kobold (D:7)
1 creature vanquished.

Grand Total: 67 creatures vanquished

Notes
Turn   | Place    | Note
-------+----------+-------------------------------------------
     0 | D:1      | Buxparty the Mummy Gladiator began the quest for the Orb.
     0 | D:1      | Reached XP level 1. HP: 16/16 MP: 1/1
    67 | D:1      | Reached XP level 2. HP: 15/23 MP: 2/2
   319 | D:1      | HP: 1/23 [jackal (2)]
   762 | D:1      | Reached XP level 3. HP: 28/28 MP: 3/3
  1160 | D:2      | Reached skill level 3 in Fighting
  1200 | D:2      | Noticed a +0 dagger
  1201 | D:2      | Found a hide-covered altar of Uskayaw.
  1202 | D:2      | Noticed a +0 hand axe
  1227 | D:2      | Found a glowing golden altar of the Shining One.
  1482 | D:2      | Reached XP level 4. HP: 31/35 MP: 4/4
  1602 | D:2      | You fall into a shaft and drop 2 floors!
  1782 | D:4      | Found a white marble altar of Elyvilon.
  1923 | D:4      | You fall into a shaft and drop 3 floors!
  1975 | D:7      | Reached skill level 4 in Fighting
  1975 | D:7      | Reached XP level 5. HP: 28/42 MP: 5/5
  2135 | D:7      | Found an opulent altar of Gozag.
  2140 | D:7      | Noticed a centaur
  2141 | D:7      | Noticed an ice beast
  2142 | D:7      | Became a worshipper of Gozag Ym Sagoz the Greedy
  2145 | D:7      | Noticed a phantom
  2152 | D:7      | Killed a centaur
  2152 | D:7      | Reached XP level 6. HP: 42/49 MP: 6/6
  2383 | D:6      | Reached skill level 5 in Fighting
  2412 | D:6      | HP: 2/51 [centaur (6)]
  2414 | D:6      | Slain by a centaur

Levels and vault maps discovered:
D:1:      onia_arrival_mini_spirals, layout_basic, minivault_23,
          minmay_misc_feat_chi
D:2:      layout_basic, tso_metal_star, dancing_weapons_uskayaw
D:4:      layout_basic, elyvilon_altar_5, fiery_altar_vehumet,
          lemuel_crystal_altar, first_ration
D:6:      layout_loops_corners, nemelex_xobeh_ov_fountains_minmay,
          minmay_temple_entry_poolview, st_stairs_3
D:7:      layout_basic, grunt_gozag_statues, gammafunk_ghost_necromancy,
          grunt_ministairs_10

Skill      XL: |  1  2  3  4  5  6 |
---------------+-------------------+-----
Axes           | 3 4 |  4.6
Fighting       | 3 4 5 |  5.1
Throwing       | |  1.5
Dodging        | |  2.4

Action                   |  1- 3 |  4- 6 || total
-------------------------+-------+-------++-------
Melee: War axe           |   101 |    62 ||   163
Invok: Potion Petition   |       |     1 ||     1
 Stab: Invisible         |       |     4 ||     4
Armor: Leather armour    |    49 |    15 ||    64
Dodge: Dodged            |    71 |    66 ||   137
